 Dungeon Crawl Stone Soup version 0.29.1-15-g9cfb28693d (webtiles) character file.

Game seed: 14422604076455694422

61 protoss039 the Digger (level 3, 0/27 HPs)
             Began as a Demonspawn Earth Elementalist on Feb 28, 2023.
             Slain by Terence
             ... wielding a +0 falchion
              (2 damage)
             ... on level 3 of the Dungeon.
             The game lasted 00:03:17 (2234 turns).

protoss039 the Digger (DsEE)                        Turns: 2234, Time: 00:03:18

Health: 0/27       AC:  2    Str:  8    XL:     3   Next: 83%
Magic:  0/7        EV: 12    Int: 18    God:
Gold:   103        SH:  0    Dex: 13    Spells: 1/7 levels left

rFire   . . .      SeeInvis +   o - +1 whip (elec)
rCold   . . .      Faith    .   (no shield)
rNeg    . . .      Spirit   +   a - +0 robe
rPois   .          Reflect  .   (no helmet)
rElec   .          Harm     .   (no cloak)
rCorr   .          Rampage  .   (no gloves)
Will    .....                   (no boots)
Stlth   ++........              j - amulet of guardian spirit
HPRegen 0.09/turn               i - ring of see invisible
MPRegen 0.10/turn               (no ring)

@: about to teleport
A: weakness stinger 1
a: no special abilities


You were on level 3 of the Dungeon.
You visited 1 branch of the dungeon, and saw 3 of its levels.

You collected 103 gold pieces.

Inventory:

Hand Weapons
 o - a +1 whip of electrocution (weapon)
Armour
 a - a +0 robe (worn)
Jewellery
 i - a ring of see invisible (left hand)
 j - an amulet of guardian spirit (around neck)
Scrolls
 g - a scroll of identify
 h - a scroll of enchant weapon {unknown}
 k - a scroll of amnesia {unknown}
Potions
 b - a potion of magic
 c - a potion of might {unknown}
 d - a potion of invisibility {unknown}
 f - a potion of brilliance {unknown}
 l - a potion of curing {unknown}
 m - a potion of cancellation {unknown}
 n - a potion of resistance {unknown}


   Skills:
 + Level 1.8 Fighting
 - Level 1.7 Dodging
 - Level 1.7 Stealth
 + Level 2.7 Spellcasting
 + Level 0.3 Conjurations
 - Level 0.8 Transmutations
 + Level 3.3 Earth Magic


You had one spell level left.
You knew the following spells:

 Your Spells              Type           Power      Damage    Failure   Level
a - Sandblast             Erth           28%        2d8       4%          1
b - Passwall              Tmut/Erth      7%         N/A       11%         2
c - Stone Arrow           Conj/Erth      16%        3d8       24%         3

Your spell library contained the following spells:

 Spells                   Type           Power      Damage    Failure   Level
 Petrify                  Tmut/Erth      9%         N/A       56%         4
 Leda's Liquefaction      Hex/Erth       4%         N/A       63%         4
 Lee's Rapid Deconstruct  Erth           7%         3d7*      77%         5
 Statue Form              Tmut/Erth      6%         N/A       100%        6


Dungeon Overview and Level Annotations

Branches:
Dungeon (3/15) Zot: 15740

Altars:

Shops:
D:3 (

Annotations:
D:3 Terence


Innate Abilities, Weirdness & Mutations

You have a small tail.


Message History

Terence shouts!
You hear a shout!
Terence is nearby!
Terence says, "You're history."
No target in view!
A goblin comes into view. It is wielding a +0 whip.
There are monsters nearby!
You barely miss Terence. Terence completely misses you.
Unknown command.
Unknown command.
You hit Terence but do no damage. Terence hits you with a +0 falchion!
Unknown command.
You hit Terence.
Terence is lightly wounded.
Terence closely misses you.
Unknown command.
Casting: Sandblast (safe; 4% risk of failure)
Confirm with . or Enter, or press ? or * to list all spells.
The spell is extremely dangerous to miscast (24% risk of failure)!
Continue anyway?
Okay, then.
Terence attacks as you move away! Terence hits you with a +0 falchion.
Terence attacks as you move away! Terence barely misses you.
Terence attacks as you move away! Terence hits you with a +0 falchion.
Terence attacks as you move away! Terence closely misses you.
Terence says, "Don't bother to defend, it's useless."
Terence attacks as you move away! Terence hits you with a +0 falchion.
You aren't carrying any items that you can evoke.
You hit Terence.
Terence is moderately wounded.
Terence hits you with a +0 falchion!
* * * LOW HITPOINT WARNING * * *
As you read the scroll labelled EPOTRO ILYIKU, it crumbles to dust.
It is a scroll of identify.
e - a scroll of teleportation Terence barely misses you.
Unknown command.
As you read the scroll of teleportation, it crumbles to dust.
You feel strangely unstable. Terence hits you with a +0 falchion.
* * * LOW HITPOINT WARNING * * *
Terence attacks as you move away! Terence hits you with a +0 falchion.
You die...

#.....##.##......#
#.###. #.#####.### #
#. #..####+########
# ##..##....##...##
##.##....#.....##
#.##...........#####
#.g#.......∩...#....
##@##.##.).....#.#..
#.@...##...†.##...#
##.....##...##...##
#............#....
#.......>..###....
#..........# #....
#.......#### #....
######### #....
#+###


You could see Terence and a goblin.

Vanquished Creatures
  An adder (D:3)
  A worm (D:2)
  A dart slug (D:1)
  2 endoplasms (D:1)
  A giant cockroach (D:1)
  6 goblins
  4 hobgoblins
  3 jackals (D:1)
  3 quokkas
  4 ball pythons
  4 bats
  A frilled lizard (D:2)
  9 kobolds
  4 rats
44 creatures vanquished.

Notes
Turn   | Place    | Note
-------+----------+-------------------------------------------
     0 | D:1      | protoss039 the Demonspawn Earth Elementalist began the
                  | quest for the Orb.
     0 | D:1      | Reached XP level 1. HP: 13/13 MP: 3/3
   306 | D:1      | Discovered your monstrous ancestry.
   306 | D:1      | Gained mutation: You have a small tail. [demonic ancestry]
   306 | D:1      | Reached XP level 2. HP: 20/20 MP: 5/5
   469 | D:1      | Reached skill level 3 in Earth Magic
   495 | D:1      | Reached skill level 1 in Fighting
   868 | D:1      | Reached XP level 3. HP: 18/26 MP: 6/6
  1237 | D:1      | Learned a level 2 spell: Passwall
  1272 | D:2      | Found a faded altar of an unknown god.
  2001 | D:2      | Learned a level 3 spell: Stone Arrow
  2106 | D:3      | Found Imaexzeity's Weapon Boutique.
  2205 | D:3      | Noticed Terence
  2234 | D:3      | Slain by Terence

Illustrated notes

Levels and vault maps discovered:
D:1:      eino_arrival_water_star, layout_basic, hangedman_decor_opposing
D:2:      layout_rooms, hellmonk_ecumenical_altar_blasted
D:3:      layout_basic, serial_shops, nicolae_shop_bloodbath_and_beyond,
          uniq_terence

Skill      XL: |  1  2 |
---------------+-------+-----
Earth Magic    | 3 |  3.3
Fighting       | 1 |  1.8
Dodging        | |  1.7
Stealth        | |  1.7
Spellcasting   | |  2.7
Conjurations   | |  0.3
Transmutations | |  0.8

Action                   || total
-------------------------++-------
Melee: Dagger            ||    39
       Club              ||     2
       Unarmed           ||     1
       Tailslap          ||     6
       Whip              ||     9
 Cast: Sandblast         ||    52
  Use: Scroll            ||     2
 Stab: Sleeping          ||     3
Armor: Robe              ||    18
Dodge: Dodged            ||    52
